 Dungeon Crawl Stone Soup version 0.31-a0-208-gdb31a4691d (webtiles) character file.

Game seed: 12505124455373186521

251 Anon1729 the Cutter (level 5, -4/41 HPs)
             Began as a Demonspawn Gladiator on June 28, 2023.
             Killed by nerve-wracking pain
             ... invoked by Grinder
              (12 damage)
             ... on level 3 of the Dungeon.
             The game lasted 00:01:30 (1940 turns).

Anon1729 the Cutter (Demonspawn Gladiator)          Turns: 1940, Time: 00:01:30

Health: -4/41      AC:  4    Str: 14    XL:     5   Next: 88%
Magic:  7/7        EV: 13    Int: 10    God:
Gold:   93         SH:  0    Dex: 16    Spells: 4/4 levels left

rFire   + . .        l - +2 short sword (drain)
rCold   . . .        (no shield)
rNeg    . . .        b - +0 leather armour
rPois   .            c - +0 helmet
rElec   .            (no cloak)
rCorr   .            (no gloves)
SInv    .            (no boots)
Will    .....        (no amulet)
Stlth   ++           g - ring of protection from fire
HPRegen 0.26/turn    (no ring)
MPRegen 0.10/turn

%: no passive effects
@: no status effects
A: powered by pain 2
a: no special abilities


You were on level 3 of the Dungeon.
You visited 1 branch of the dungeon, and saw 3 of its levels.

You collected 93 gold pieces.

Inventory:

Hand Weapons
 a - a +0 rapier
 l - a +2 short sword of draining (weapon)
Missiles
 d - 2 throwing nets (quivered)
 e - a javelin
Armour
 b - a +0 leather armour (worn)
 c - a +0 helmet (worn)
Jewellery
 f - a ring of positive energy
 g - a ring of protection from fire (left hand)
Scrolls
 h - a scroll of enchant weapon {unknown}
 i - 3 scrolls of identify {unknown}
 j - a scroll of amnesia {unknown}
 m - a scroll of enchant armour {unknown}
Potions
 k - a potion of degeneration {unknown}


   Skills:
 + Level 3.1 Fighting
 + Level 3.6 Short Blades
 - Level 1.7 Throwing
 + Level 1.8 Armour
 + Level 3.4 Dodging
 + Level 2.0 Stealth
 + Level 2.7 Invocations


You had 4 spell levels left.
You didn't know any spells.
Your spell library contained the following spells:

 Spells                   Type           Power      Damage    Failure   Level
 Magic Dart               Conj           0%         1d3       43%         1
 Call Imp                 Summ           0%         N/A       56%         2
 Mephitic Cloud           Conj/Pois/Air  0%         N/A       80%         3


Dungeon Overview and Level Annotations

Branches:
Dungeon (3/15)

Altars:

Shops:
D:2 =

Annotations:
D:3 Grinder


Innate Abilities, Weirdness & Mutations

You sometimes gain power by taking damage.


Message History

Grinder is moderately wounded.
Grinder struggles against the net.
You hit Grinder.
Grinder is heavily wounded.
Grinder struggles against the net.
You hit Grinder.
Grinder is severely wounded.
Grinder struggles against the net.
You barely miss Grinder.
Grinder is severely wounded.
Grinder struggles against the net.
You hit Grinder but do no damage.
Grinder is severely wounded.
You barely miss Grinder.
Grinder is severely wounded.
Grinder struggles against the net.
You hit Grinder but do no damage.
Grinder is severely wounded.
Grinder struggles against the net.
You hit Grinder.
Grinder is severely wounded.
Grinder struggles against the net.
The net rips apart, and Grinder comes free!
You hit Grinder.
Grinder is severely wounded.
Grinder hits you.
You writhe in agony.
* * * LOW HITPOINT WARNING * * *
You closely miss Grinder.
Grinder is severely wounded.
Grinder hits you.
* * * LOW HITPOINT WARNING * * *
You writhe in agony.
* * * LOW HITPOINT WARNING * * *
You barely miss Grinder.
Grinder is severely wounded.
You hit Grinder.
Grinder is severely wounded.
Grinder gestures at you. Pain shoots through your body!
You die...

.#8...8# #.# .##...##
#.# .##...# .# ###...##
#8...8# ###...####
############
8##...##8###8#.........
...............########
..............<.@5.#
...............###.#
8###8###8###8#.# # ##
### ### ###... ###.# .#
#


You could see Grinder.

Vanquished Creatures
  Sigmund (D:3)
  Robin (D:3)
  An adder (D:2)
  An ufetubus (D:2)
  A worm (D:3)
  A dart slug (D:2)
  5 endoplasms
  A giant cockroach (D:1)
  15 goblins
  5 hobgoblins
  4 kobolds
  5 quokkas
  6 ball pythons
  5 bats
  4 frilled lizards
  7 rats
63 creatures vanquished.

Notes
Turn   | Place    | Note
-------+----------+-------------------------------------------
     0 | D:1      | Anon1729 the Demonspawn Gladiator began the quest for the
                  | Orb.
     0 | D:1      | Reached XP level 1. HP: 16/16 MP: 1/1
   168 | D:1      | Gained mutation: You sometimes gain a little power by
                  | taking damage. [demonic ancestry]
   168 | D:1      | Reached XP level 2. HP: 19/22 MP: 2/2
   749 | D:2      | Reached skill level 1 in Stealth
   755 | D:2      | Reached XP level 3. HP: 27/27 MP: 3/3
   795 | D:2      | Found Paje Jacs's Jewellery Boutique.
   803 | D:2      | Reached skill level 1 in Invocations
  1129 | D:2      | Reached skill level 1 in Armour
  1388 | D:3      | Noticed Robin
  1414 | D:3      | Reached XP level 4. HP: 19/32 MP: 5/5
  1430 | D:3      | Killed Robin
  1724 | D:3      | Noticed Sigmund
  1735 | D:3      | Killed Sigmund
  1736 | D:3      | Gained mutation: You sometimes gain power by taking damage.
                  | [demonic ancestry]
  1736 | D:3      | Reached XP level 5. HP: 13/41 MP: 5/7
  1904 | D:3      | Noticed Grinder
  1924 | D:3      | Paralysed by Grinder for 3 turns
  1940 | D:3      | Killed from afar by Grinder

Illustrated notes

Levels and vault maps discovered:
D:1:      dpeg_arrival_renting, layout_basic, minmay_3d_cube
D:2:      layout_rooms, serial_shops, nicolae_shop_stone,
          chequers_serial_rivers_micro_b
D:3:      layout_basic, serial_corexii_hall, corexii_hall_statues_t,
          corexii_hall_statues_i, uniq_grinder, uniq_robin, uniq_sigmund

Skill      XL: |  1  2  3  4 |
---------------+-------------+-----
Short Blades   | 3 |  3.6
Stealth        | 1 2 |  2.0
Invocations    | 1 2 |  2.7
Armour         | 1 |  1.8
Dodging        | 3 |  3.4
Fighting       | 3 |  3.1
Throwing       | |  1.7

Action                     |  1- 3 |  4- 6 || total
---------------------------+-------+-------++-------
  Melee: Rapier            |   125 |       ||   125
         Punch             |     2 |     1 ||     3
         Short sword       |    19 |    76 ||    95
  Throw: Throwing net      |       |     1 ||     1
    Use: Potion            |     1 |       ||     1
   Stab: Sleeping          |     3 |       ||     3
 Armour: Leather armour    |    50 |    14 ||    64
  Dodge: Dodged            |   131 |    26 ||   157

Table legend: (Time is in decaauts)
 A = Elapsed time spent in this place.
 B = Non-inter-level travel time spent in this place.
 C = Inter-level travel time spent in this place.
 D = Time resting spent in this place.
 E = Time spent auto-exploring this place.
 F = Levels seen in this place.
 G = Mean time per level.
                   A        B        C        D        E       F      G
               +--------+--------+--------+--------+--------+-----+--------+
         Total |   1931 |   1866 |     65 |    165 |   1298 |   3 |  643.7 |
       Dungeon |   1931 |   1866 |     65 |    165 |   1298 |   3 |  643.7 |
               +--------+--------+--------+--------+--------+-----+--------+

Top non-repeatable levels by time:
     D:1: 710 daAuts
     D:2: 615 daAuts
     D:3: 605 daAuts
